 Dungeon Crawl Stone Soup version 0.31-a0-369-g8eba5f6939 (webtiles) character file.

Game seed: 5176654553059238305

18198 Arzdou the Grappler (level 12, -5/219 HPs)
             Began as a Troll Gladiator on July 28, 2023.
             Was the Champion of Cheibriados.
             Slain by a cane toad (8 damage)
             ... while petrified by a basilisk
             ... on level 1 of the Lair of Beasts.
             The game lasted 00:27:25 (8817 turns).

Arzdou the Grappler (Troll Gladiator)               Turns: 8817, Time: 00:27:26

Health: -5/219     AC:  9    Str: 47    XL:     12   Next: 25%
Magic:  15/15      EV:  1    Int: 19    God:    Cheibriados [******]
Gold:   606        SH:  0    Dex: 28    Spells: 11/11 levels left

rFire   . .          .
                       - Unarmed
rCold   + . .        P - melded +10 tower shield of Ignorance {rN+ Int-4}
rNeg    + + +        C - melded +2 robe {rF+}
rPois   ∞            b - melded +1 hat
rElec   .            O - melded +0 cloak
rCorr   .            (gloves unavailable)
SInv    .            (boots unavailable)
Will    .....        p - amulet of regeneration Stlth
                     K - ring of protection from cold
HPRegen 2.16/turn    (no ring)
MPRegen 0.14/turn

%: no passive effects
@: berserking (expiring), lethally poisoned (-5 -> -5), snake-form, petrified,
very slow
A: constrict, boosted hp, large, unfitting armour, (claws 3), regeneration 1,
(shaggy fur 1), (tough skin 1)
a: Begin Untransformation, Renounce Religion, Bend Time, Temporal Distortion,
Slouch, Step From Time


You were on level 1 of the Lair of Beasts.
You worshipped Cheibriados.
Cheibriados was exalted by your worship.
You were an enormous anaconda.
You visited 3 branches of the dungeon, and saw 13 of its levels.

You collected 698 gold pieces.
You spent 92 gold pieces at shops.

Inventory:

Missiles
 d - 2 throwing nets
 r - 22 poisoned darts (quivered)
 u - a large rock
Armour
 a - a +0 robe
 b - a +1 hat (melded)
 C - a +2 robe of fire resistance (melded)
 O - a +0 cloak (melded)
 P - the +10 tower shield of Ignorance (melded) {rN+ Int-4}
   (You found it on level 11 of the Dungeon)

   Int:       It affects your intelligence (-4).
   rN:        It protects you from negative energy.
Jewellery
 m - an amulet of the acrobat
 p - an amulet of regeneration (around neck)
 K - a ring of protection from cold (left hand)
Talismans
 g - a beast talisman
 M - a serpent talisman
Wands
 c - a wand of flame (16)
 f - a wand of polymorph (2)
 v - a wand of charming (9)
 y - a wand of mindburst (11)
 E - a wand of acid (5)
Scrolls
 k - 4 scrolls of enchant armour
 n - 16 scrolls of teleportation
 o - 3 scrolls of blinking
 x - 4 scrolls of amnesia
 B - 3 scrolls of immolation
 J - 3 scrolls of fog
 L - a scroll of fear {unknown}
 N - 3 scrolls of identify
Potions
 e - a potion of resistance {unknown}
 h - 3 potions of brilliance
 i - 2 potions of cancellation {unknown}
 j - 6 potions of might
 l - 2 potions of haste {unknown}
 q - 2 potions of enlightenment {unknown}
 s - a potion of magic {unknown}
 t - 3 potions of mutation
 w - a potion of attraction {unknown}
 z - a potion of invisibility {unknown}
 A - 2 potions of berserk rage
 D - 2 potions of heal wounds {unknown}
 F - 2 potions of curing {unknown}
 G - a potion of experience {unknown}
 H - a potion of lignification {unknown}
 I - 2 potions of degeneration {unknown}


   Skills:
 - Level 8.4 Fighting
 - Level 2.0 Throwing
 + Level 4.6 Dodging
 + Level 10.9 Unarmed Combat
 + Level 6.5 Invocations
 - Level 10.0 Shapeshifting


You had 11 spell levels left.
You didn't know any spells.
Your spell library contained the following spells:

 Spells                   Type           Power      Damage    Failure   Level
 Kiss of Death            Conj/Necr      0%         2d5       21%         1
 Sting                    Tmut/Pois      0%         1d3       21%         1
 Summon Small Mammal      Summ           0%         N/A       21%         1
 Cigotuvi's Dreadful Rot  Necr/Pois/Air  0%         N/A       30%         2
 Poisonous Vapours        Pois/Air       0%         N/A       30%         2
 Call Canine Familiar     Summ           0%         N/A       52%         3
 Confusing Touch          Hex            0%         N/A       52%         3
 Ignite Poison            Fire/Tmut/Pois 0%         N/A       52%         3
 Portal Projectile        Hex/Tloc       0%         N/A       52%         3
 Summon Guardian Golem    Hex/Summ       0%         N/A       52%         3
 Dispel Undead            Necr           0%         3d6       90%         4
 Leda's Liquefaction      Hex/Erth       0%         N/A       90%         4
 Olgreb's Toxic Radiance  Pois           0%         N/A       90%         4
 Passage of Golubria      Tloc           0%         N/A       90%         4
 Sticky Flame             Conj/Fire      0%         2d3       90%         4
 Silence                  Hex/Air        0%         N/A       99%         5
 Death Channel            Necr           0%         N/A       100%        6
 Ignition                 Fire           0%         3d3       100%        8
 Lehudib's Crystal Spear  Conj/Erth      0%         10d2      100%        8


Dungeon Overview and Level Annotations

Branches:
Dungeon (11/15)            Temple (1/1) D:4            Lair (1/5) D:10
    Orc (0/2) D:9

Altars:
Ashenzari
Cheibriados
Dithmenos
Elyvilon
Fedhas
Gozag
Hepliaklqana
Kikubaaqudgha
Makhleb
Nemelex Xobeh
Okawaru
Qazlal
Ru
Sif Muna
Trog
Uskayaw
Vehumet
Wu Jian
Xom
Yredelemnul
Zin
The Shining One

Shops:
D:8 [([

Annotations:
D:11 2 runed translucent doors, exclusion: 4 orange crystal statues, Wavotuych's ghost, journeyman NaEE


Innate Abilities, Weirdness & Mutations

You are an enormous anaconda.
You have a powerful constriction melee attack.
Your maximum health is increased.
You are immune to poison.
Your armour is entirely melded.
You are incapable of wielding weapons or throwing items.
You are too large for most types of armour.
((You have claws for hands.))
Your natural rate of healing is unusually fast.
((You are covered in fur. (AC +1)))
((You have tough skin. (AC +1)))


Message History

* * * LOW HITPOINT WARNING * * *
The black mamba bites you.
The cane toad stings you but does no damage.
The wyvern bites you!
* * * LOW HITPOINT WARNING * * *
The steam dragon bites you!
* * * LOW HITPOINT WARNING * * *
The steam dragon claws you but does no damage.
The water moccasin bites you but does no damage.
The black mamba bites you!
* * * LOW HITPOINT WARNING * * *
The water moccasin bites you but does no damage.
The wyvern bites you.
* * * LOW HITPOINT WARNING * * *
The cane toad barely misses you. The black mamba bites you.
* * * LOW HITPOINT WARNING * * *
The steam dragon bites you but does no damage.
The steam dragon claws you but does no damage.
The water moccasin bites you but does no damage.
The black mamba bites you!
* * * LOW HITPOINT WARNING * * *
The wyvern bites you.
* * * LOW HITPOINT WARNING * * *
The cane toad completely misses you.
The water moccasin bites you but does no damage.
The cane toad stings you!
* * * LOW HITPOINT WARNING * * *
The black mamba bites you!
* * * LOW HITPOINT WARNING * * *
The wyvern bites you!
* * * LOW HITPOINT WARNING * * *
The steam dragon bites you. The steam dragon claws you.
The cane toad stings you!!
* * * LOW HITPOINT WARNING * * *
The sentinel's mark upon you fades away.
The water moccasin bites you but does no damage.
The wyvern bites you!
* * * LOW HITPOINT WARNING * * *
The cane toad stings you!
You die...

........# #..# ##
........# ##... ##.
#......#####..# ##...
##.......#.....#
#....##............###
#.................#.# #
#..................######
##......SF............##..
#.......FSD....###.#P.....
##......SSl..†.########...
...........†....# ###.
................# #.
.............#...# #.
...........#####..# #.
..........## #.# #.
........### #.# .. #######
#. #..


You could see a black mamba, 2 cane toads, a steam dragon, 2 water moccasins and
a wyvern.

Vanquished Creatures
  Erica (D:9)
  A boulder beetle (Lair:1)
  2 two-headed ogres
  A manticore (D:11)
  Maurice (D:10)
  A gargoyle (D:10)
  A black mamba (Lair:1)
  A cane toad (Lair:1)
  A rime drake (D:10)
  An unseen horror zombie (D:8)
  A troll (D:11)
  2 polar bears (D:10)
  A hornet (D:9)
  4 blink frogs (Lair:1)
  Sigmund (D:2)
  2 shadows
  2 wraiths
  A wyvern (D:10)
  31 yaks
  2 vampires
  A basilisk (Lair:1)
  A vampire mosquito (D:10)
  2 steam dragons
  A two-headed ogre zombie (D:9)
  2 water moccasins (Lair:1)
  3 orc warriors
  6 ice beasts
  2 hornet zombies (D:8)
  A wolf (D:10)
  A sky beast (D:6)
  5 centaurs
  2 phantoms
  3 kobold brigands
  4 bullfrogs
  2 gnoll sergeants
  2 scorpions
  2 wyvern zombies (D:8)
  21 wights
  3 troll zombies (D:9)
  5 killer bees
  6 howler monkeys
  9 centaur zombies (D:8)
  6 orc priests
  4 hounds
  3 jellies (D:7)
  A sleepcap (D:8)
  Jessica (D:2)
  5 iguanas (D:5)
  8 orc wizards
  2 killer bee zombies (D:8)
  4 ogre zombies (D:9)
  2 howler monkey zombies (D:8)
  8 gnolls
  11 adders
  2 white imps
  An ufetubus (D:6)
  A worm (D:4)
  3 dart slugs
  27 orcs
  5 bats
  5 endoplasms
  2 giant cockroaches
  10 goblins
  5 hobgoblins
  5 jackals
  6 quokkas
  17 ball pythons
  2 frilled lizards (D:1)
  2 goblin zombies (D:9)
  A hobgoblin skeleton (D:9)
  2 hobgoblin zombies (D:9)
  18 kobolds
  4 orc skeletons (D:9)
  16 orc zombies (D:9)
  5 rats
336 creatures vanquished.

Vanquished Creatures (others)
  2 orcs
2 creatures vanquished.

Grand Total: 338 creatures vanquished

Notes
Turn   | Place    | Note
-------+----------+-------------------------------------------
     0 | D:1      | Arzdou the Troll Gladiator began the quest for the Orb.
     0 | D:1      | Reached XP level 1. HP: 19/19 MP: 0/0
   220 | D:1      | Reached XP level 2. HP: 26/27 MP: 1/1
   499 | D:2      | Noticed Sigmund
   588 | D:2      | Reached XP level 3. HP: 33/33 MP: 2/2
   614 | D:2      | Noticed Jessica
   618 | D:2      | Killed Jessica
   623 | D:2      | Reached XP level 4. HP: 40/41 MP: 3/3
   849 | D:2      | Found a faded altar of an unknown god.
   962 | D:2      | Killed Sigmund
   963 | D:2      | Reached XP level 5. HP: 28/48 MP: 4/4
  1290 | D:3      | Reached XP level 6. HP: 55/55 MP: 5/5
  2003 | D:4      | Found a staircase to the Ecumenical Temple.
  2011 | Temple   | Entered the Ecumenical Temple
  2021 | Temple   | Became a worshipper of Cheibriados the Contemplative
  2212 | D:4      | Found an ancient bone altar of Kikubaaqudgha.
  2469 | D:4      | Found a sparkling altar of Nemelex Xobeh.
  2478 | D:4      | Found a hazy altar of Hepliaklqana.
  2565 | D:5      | Entered Level 5 of the Dungeon
  2692 | D:5      | Found an opulent altar of Gozag.
  2751 | D:5      | Reached * piety under Cheibriados
  2752 | D:5      | Reached XP level 7. HP: 48/62 MP: 6/6
  3002 | D:5      | Found a shimmering altar of Xom.
  3008 | D:5      | Found a shimmering altar of Xom.
  3008 | D:5      | Found a shimmering altar of Xom.
  3008 | D:5      | Found a shimmering altar of Xom.
  3009 | D:5      | Found a shimmering altar of Xom.
  3012 | D:5      | Found a shimmering altar of Xom.
  3012 | D:5      | Found a shimmering altar of Xom.
  3480 | D:6      | Reached XP level 8. HP: 70/70 MP: 7/7
  3517 | D:6      | Reached ** piety under Cheibriados
  3518 | D:6      | Reached skill level 1 in Invocations
  3573 | D:6      | Reached skill level 1 in Shapeshifting
  3797 | D:6      | Reached skill level 10 in Unarmed Combat
  4230 | D:7      | Found a white marble altar of Elyvilon.
  4267 | D:7      | Found a burning altar of Makhleb.
  4267 | D:7      | Noticed a green death
  4344 | D:7      | Noticed a two-headed ogre
  4352 | D:7      | Killed a two-headed ogre
  4353 | D:7      | Reached skill level 5 in Invocations
  4353 | D:7      | Reached XP level 9. HP: 47/78 MP: 11/11
  4464 | D:7      | Found a stormy altar of Qazlal.
  4464 | D:7      | Found a radiant altar of Vehumet.
  4464 | D:7      | Found a broken altar of Ashenzari.
  4464 | D:7      | Found an ornate altar of the Wu Jian Council.
  4476 | D:7      | Found a basalt altar of Yredelemnul.
  4476 | D:7      | Found a shadowy altar of Dithmenos.
  4803 | D:7      | Found a shimmering blue altar of Sif Muna.
  4851 | D:8      | Found Mucopu's Antique Weapon Emporium.
  4860 | D:8      | Reached *** piety under Cheibriados
  4866 | D:8      | Reached skill level 5 in Shapeshifting
  4988 | D:8      | Reached **** piety under Cheibriados
  5022 | D:8      | Found Jelaa's Antique Armour Emporium.
  5037 | D:8      | Bought a glowing robe for 92 gold pieces
  5068 | D:8      | Found Besav's Antique Armour Boutique.
  5125 | D:8      | Reached XP level 10. HP: 82/91 MP: 12/12
  5278 | D:8      | Reached ***** piety under Cheibriados
  5379 | D:8      | Reached skill level 5 in Fighting
  5713 | D:9      | Found a staircase to the Orcish Mines.
  5729 | D:9      | Noticed Erica
  5747 | D:9      | Killed Erica
  5994 | D:9      | Reached XP level 11. HP: 70/109 MP: 13/13
  6081 | D:9      | Noticed a two-headed ogre
  6088 | D:9      | Killed a two-headed ogre
  6579 | D:10     | Entered Level 10 of the Dungeon
  6613 | D:10     | Reached ****** piety under Cheibriados
  6706 | D:10     | Found a staircase to the Lair.
  6970 | D:10     | Noticed Maurice
  7007 | D:10     | Killed Maurice
  7142 | D:10     | Identified the +1 robe "Ufimutz" {Harm rC+}
  7566 | D:11     | Found a runed translucent door.
  7577 | D:11     | Noticed Wavotuych's ghost (journeyman NaEE)
  7593 | D:11     | Found a runed translucent door.
  7599 | D:11     | Found the +10 tower shield of Ignorance {rN+ Int-4}
  7705 | D:11     | Reached skill level 10 in Shapeshifting
  7843 | D:11     | Reached XP level 12. HP: 122/122 MP: 15/15
  8111 | D:11     | Found a runed translucent door.
  8694 | Lair:1   | Entered Level 1 of the Lair of Beasts
  8761 | Lair:1   | Noticed a boulder beetle
  8772 | Lair:1   | Killed a boulder beetle
  8816 | Lair:1   | HP: 8/219 [cane toad (9)]
  8817 | Lair:1   | HP: 3/219 [wyvern (7)]
  8817 | Lair:1   | Slain by a cane toad

Illustrated notes

Levels and vault maps discovered:
D:1:      dpeg_arrival_short_road, layout_rooms, serial_park_tiny_1,
          minmay_misc_feat_roman
D:2:      layout_basic, ebering_ecumenical_altar_box, uniq_jessica, uniq_sigmund
D:3:      layout_basic, kennysheep_path_1
D:4:      cheibrodos_old_hovel, layout_gridville, kennysheep_little_box,
          mainiacjoe_overflow_swirl, temple_green
D:5:      minmay_recursive_quarters, layout_cave_pods, nicolae_xom_altar_mimics,
          mainiacjoe_overflow_brackets, hangedman_decor_growths
D:6:      layout_rooms
D:7:      layout_basic, lemuel_blue_sif_altar, makhleb_altar_promises_db,
          mainiacjoe_overflow_alcove_1, minmay_overflow_temple_hex, st_stairs_6
D:8:      layout_loops_ring, enter_bailey_8, serial_undead, serial_undead_a,
          serial_undead_d, serial_undead_d, serial_undead_b, serial_undead_c,
          serial_undead_a, serial_undead_c, serial_undead_f, serial_undead_c,
          serial_undead_e, serial_shops, kennysheep_mini_moat,
          nicolae_shop_dealshenge, nicolae_shop_stone, hangedman_decor_push
D:9:      layout_roguey, zombieorc2_lemuel, lemuel_flamethrower_1, uniq_erica
D:10:     layout_roguey, hellmonk_lair_entry_icy, lightli_fourway_metalbox,
          uniq_maurice
D:11:     layout_stronghold, ebering_ghost_reflecting_pool,
          chequers_guarded_unrand_ignorance
Temple:   nicolae_temple_godpark
Lair:1:   layout_layer_cave

Skill      XL: |  1  2  3  4  5  6  7  8  9 10 11 12 |
---------------+-------------------------------------+-----
Throwing       | 2 |  2.0
Unarmed Combat | 4 6 7 9 10 | 10.9
Invocations    | 5 6 |  6.5
Shapeshifting  | 4 6 8 10 | 10.0
Fighting       | 4 7 8 |  8.4
Dodging        | 3 4 |  4.6

Action                     |  1- 3 |  4- 6 |  7- 9 | 10-12 || total
---------------------------+-------+-------+-------+-------++-------
  Melee: Unarmed           |    64 |    93 |   237 |   365 ||   759
         Punch             |     2 |     2 |    12 |    15 ||    31
         Constrict         |       |       |       |    39 ||    39
  Throw: Throwing net      |       |     3 |       |       ||     3
         Large rock        |       |     1 |       |       ||     1
 Invoke: Bend Time         |       |       |       |     1 ||     1
  Evoke: Wand              |       |       |     2 |     2 ||     4
    Use: Scroll            |       |       |    13 |     6 ||    19
         Potion            |       |       |       |     1 ||     1
   Stab: Held in net/web   |       |     1 |       |       ||     1
         Sleeping          |       |     1 |       |     4 ||     5
 Armour: Robe              |    22 |    21 |    49 |    57 ||   149
         Skin              |       |       |       |   102 ||   102
  Dodge: Dodged            |    25 |    36 |   136 |   245 ||   442
  Block: Tower shield      |       |       |       |     8 ||     8
   Form: Beast             |       |       |     1 |     1 ||     2
         Anaconda          |       |       |       |     3 ||     3
                           |       |       |       |     1 ||     1

Table legend: (Time is in decaauts)
 A = Elapsed time spent in this place.
 B = Non-inter-level travel time spent in this place.
 C = Inter-level travel time spent in this place.
 D = Time resting spent in this place.
 E = Time spent auto-exploring this place.
 F = Levels seen in this place.
 G = Mean time per level.
                   A        B        C        D        E       F      G
               +--------+--------+--------+--------+--------+-----+--------+
         Total |  12421 |  11321 |   1100 |    200 |   8870 |  13 |  955.5 |
       Dungeon |  12211 |  11133 |   1078 |    200 |   8775 |  11 | 1110.1 |
        Temple |     23 |      3 |     20 |      0 |      0 |   1 |   23.0 |
          Lair |    187 |    187 |      0 |      0 |     95 |   1 |  187.0 |
               +--------+--------+--------+--------+--------+-----+--------+

Top non-repeatable levels by time:
    D:11: 2261 daAuts
    D:10: 1445 daAuts
     D:7: 1444 daAuts
     D:9: 1362 daAuts
     D:8: 1278 daAuts
     D:5: 1136 daAuts
     D:4: 919 daAuts
     D:3: 664 daAuts
     D:2: 609 daAuts
     D:6: 595 daAuts
     D:1: 493 daAuts
  Lair:1: 187 daAuts
  Temple: 23 daAuts
